 Dungeon Crawl Stone Soup version 0.31-a0-986-g5e6e4ef867 (webtiles) character file.

Game seed: 9240587528653763001

2594 Whiskey the Mimic (level 9, -3/58 (62) HPs)
             Began as an Octopode Shapeshifter on Nov 5, 2023.
             Was an Initiate of Gozag.
             Slain by a wight
             ... wielding a +3 great sword of freezing
              (20 damage)
             ... on level 7 of the Dungeon.
             The game lasted 00:16:27 (7710 turns).

Whiskey the Mimic (Octopode Shapeshifter)           Turns: 7710, Time: 00:16:28

HP:   -3/58 (62)    AC:  5    Str: 15      XL:     9   Next: 58%
MP:   9/9           EV: 14    Int: 14      God:    Gozag
Gold: 567           SH:  6    Dex: 23 (24) Spells: 8/8 levels left

rFire   . . .        v - +2 dagger (venom)
rCold   . . .        t - +0 buckler
rNeg    . . .        (helmet currently unavailable)
rPois   .            h - amulet of magic regeneration
rElec   .            p - +4 ring of protection
rCorr   .            e - +6 ring of dexterity
SInv    .            F - +6 ring of dexterity
Will    .....        (no ring)
Stlth   ++++         (no ring)
HPRegen 0.29/turn    (no ring)
MPRegen 0.51/turn    (no ring)
                     (no ring)

%: no passive effects
@: beast-form, drained
A: beast (slay +4), almost no armour, amphibious, 8 rings, camouflage 1,
gelatinous body 1, (nimble swimmer 1), tentacles
a: Begin Untransformation, Renounce Religion, Potion Petition, Call Merchant,
Bribe Branch


You were on level 7 of the Dungeon.
You worshipped Gozag.
Gozag was pleased with you.
You were a hulking beast.
You visited 2 branches of the dungeon, and saw 9 of its levels.

You collected 634 gold pieces.
You paid 67 gold pieces to Gozag.

Inventory:

Hand Weapons
 v - a +2 dagger of venom (weapon)
   (You took it off an orc on level 3 of the Dungeon)
 D - a +0 dagger of flaming
   (You took it off an orc on level 5 of the Dungeon)
Missiles
 w - 2 poisoned darts (quivered)
 J - 3 darts of dispersal {=f}
Armour
 t - a +0 buckler (worn)
   (You found it on level 2 of the Dungeon)
Jewellery
 e - a +6 ring of dexterity (right tentacle)
   (You found it on level 3 of the Dungeon)
 h - an amulet of magic regeneration (around mantle)
   (You found it on level 1 of the Dungeon)
 p - a +4 ring of protection (left tentacle)
   (You found it on level 2 of the Dungeon)
 F - a +6 ring of dexterity (on tentacle)
   (You took it off a gnoll sergeant on level 5 of the Dungeon)
 H - an amulet of the acrobat
   (You took it off an orc on level 5 of the Dungeon)
Talismans
 b - a beast talisman
 c - a flux talisman
Wands
 y - a wand of acid (5)
   (You took it off Ijyb on level 3 of the Dungeon)
Scrolls
 d - 4 scrolls of identify
 f - 3 scrolls of enchant armour {unknown}
 g - 3 scrolls of silence {unknown}
 j - 2 scrolls of noise {unknown}
 l - a scroll of amnesia {unknown}
 m - 3 scrolls of fear {unknown}
 n - 2 scrolls of blinking {!r}
 r - 3 scrolls of teleportation
 u - 2 scrolls of fog {unknown}
 x - a scroll of enchant weapon {unknown}
 A - a scroll of torment {unknown}
 B - 2 scrolls of vulnerability {unknown}
 I - 2 scrolls of immolation {unknown}
 L - a scroll of poison {unknown}
Potions
 a - a potion of lignification {!q}
 i - 2 potions of curing
 k - 2 potions of attraction {!q}
 o - 2 potions of brilliance {unknown}
 q - a potion of mutation {!q}
 s - a potion of cancellation {unknown}
 z - a potion of resistance
 C - a potion of haste {unknown}
 E - a potion of degeneration {unknown}
 G - 2 potions of enlightenment {unknown}
 K - 2 potions of might {unknown}


   Skills:
 - Level 5.7 Fighting
 + Level 2.8 Dodging
 + Level 3.0 Stealth
 - Level 5.0 Shields
 * Level 3.6 Unarmed Combat
 * Level 9.1 Shapeshifting


You had 8 spell levels left.
You didn't know any spells.
Your spell library contained the following spells:

 Spells                   Type           Power      Damage    Failure   Level
 Freeze                   Ice            0%         1d3       36%         1
 Cigotuvi's Dreadful Rot  Necr/Pois/Air  0%         N/A       50%         2
 Poisonous Vapours        Pois/Air       0%         N/A       50%         2
 Call Canine Familiar     Summ           0%         N/A       73%         3
 Frozen Ramparts          Ice            0%         1d1       73%         3
 Hailstorm                Conj/Ice       0%         3d3       73%         3
 Ignite Poison            Fire/Tmut/Pois 0%         N/A       73%         3
 Mephitic Cloud           Conj/Pois/Air  0%         N/A       73%         3
 Sigil of Binding         Hex            0%         N/A       73%         3
 Dimensional Bullseye     Hex/Tloc       0%         N/A       98%         4
 Leda's Liquefaction      Hex/Erth       0%         N/A       98%         4
 Freezing Cloud           Conj/Ice/Air   0%         6-21      100%        5


Dungeon Overview and Level Annotations

Branches:
Dungeon (8/15)             Temple (1/1) D:7
   Lair: D:8-11

Altars:
Cheibriados
Dithmenos
Elyvilon
Fedhas
Gozag
Hepliaklqana
Kikubaaqudgha
Makhleb
Nemelex Xobeh
Qazlal
Ru
Sif Muna
Trog
Vehumet
Wu Jian
Xom
Yredelemnul
Zin
The Shining One

Shops:
D:1 !   D:4 *


Innate Abilities, Weirdness & Mutations

You are a hulking beast.
Your limbs bulge with bestial killing power. (Slay +4)
You cannot wear most types of armour.
You are amphibious.
You can wear up to eight rings at the same time.
Your skin changes colour to match your surroundings (Stealth+).
Your rubbery body absorbs attacks. (AC +1, EV +1)
((You are camouflaged when in or above water. (Stealth+)))
You have tentacles for arms and can constrict up to eight enemies at once.


Message History

The quasit bites you but does no damage.
The quasit claws you but does no damage. x2
The quasit closely misses you. The quasit misses you.
You block the quasit's attack.
You hit the quasit. You grab the quasit. You constrict the quasit.
The quasit completely misses you. The quasit closely misses you.
The quasit claws you but does no damage.
You hit the quasit.
The quasit is poisoned.
Your squeeze misses the quasit. You constrict the quasit.
You block the quasit's attack. x2
The quasit claws you.
You feel clumsy.
You take 1 damage, and have 60/61 hp.
You hit the quasit.
The quasit looks as sick as possible!
You squeeze the quasit.
You kill the quasit!
You now have 532 gold pieces (gained 6).
You see here a +0 whip.
You see here 6 stones.
You enter the shallow water.
Found a stone staircase leading down.
Health restored: 62 You now have 538 gold pieces (gained 6).
You now have 543 gold pieces (gained 5).
Found an escape hatch in the ceiling.
d - 4 scrolls of identify (gained 1)
A shadow imp comes into view.
An ufetubus comes into view.
You block the shadow imp's attack.
The ufetubus shouts!
You hit the shadow imp.
The shadow imp is poisoned.
You grab the shadow imp. You constrict the shadow imp. You hit the shadow imp.
The shadow imp looks as sick as possible!
You squeeze the shadow imp.
You kill the shadow imp!
The ufetubus closely misses you. You block the ufetubus's attack.
You puncture the ufetubus!
The ufetubus is poisoned.
You grab the ufetubus. You tentacle-slap the ufetubus.
You kill the ufetubus!
No target in view!
No target in view!
No target in view!
No target in view!
No target in view!
No target in view!
No target in view!
No target in view!
No target in view!
You now have 547 gold pieces (gained 4).
You now have 553 gold pieces (gained 6).
A centaur comes into view.
The centaur closely misses you. The centaur kicks you.
You take 3 damage, and have 59/62 hp.
You hit the centaur.
The centaur is poisoned.
The centaur completely misses you. The centaur closely misses you.
You barely miss the centaur. The centaur hits you.
The centaur closely misses you. You block the centaur's attack.
The centaur kicks you.
You take 3 damage, and have 56/62 hp.
You hit the centaur.
The centaur looks as sick as possible!
The centaur barely misses you. The centaur kicks you.
The centaur barely misses you.
The centaur kicks you but does no damage.
You take 2 damage, and have 54/62 hp.
You hit the centaur. You squeeze the centaur.
You kill the centaur!
You now have 567 gold pieces (gained 14).
You see here a +0 orcbow.
Found a stone staircase leading up.
Health restored: 62 A wight comes into view.
It is wielding a +0 flail of draining. 2 wights come into view.
A wight is wielding a +3 great sword of freezing.
A wight comes into view.
It is wielding a +5 halberd of freezing.
A wight comes into view. It is wielding a +0 short sword.
The wight hits you with a +3 great sword of freezing!
You feel drained. The wight freezes you.
You take 15 damage, and have 47/60 hp.
MASSIVE DAMAGE!!
The wight attacks as it pursues you! The wight hits you with a +4 flail.
You take 2 damage, and have 45/60 hp.
The wight attacks as it pursues you!
The wight hits you with a +3 great sword of freezing!!
The wight freezes you.
You take 22 damage, and have 23/60 hp.
MASSIVE DAMAGE!!
The wight attacks as it pursues you! The wight completely misses you.
The wight attacks as it pursues you! The wight misses you.
The wight attacks as it pursues you! You block the wight's attack.
There is a stone staircase leading up here.
The wight barely misses you. The wight closely misses you.
You climb upwards.
There is a stone staircase leading down here.
The wight hits you with a +4 flail!
* * * LOW HITPOINT WARNING * * *
You feel drained. The wight completely misses you.
You take 10 damage, and have 15/58 hp.
The wight closely misses you. The wight attacks as it pursues you!
The wight hits you with a +3 great sword of freezing!!
You die...
Your body crumbles into a pile of gold.

##...###....###### #.#
#........#..# #.#
#..>..##...## #.#
......#..### #.#
##...##..# #.#
.###.#...#### #.#
...#.#..>...# #.#
##.....#..#.##########.#
###.#........z.zh......#
...[........############
............#
...........##
...........#
...........#
...........#
...........#
...........#


You could see 2 wights.

Vanquished Creatures
  A steam dragon (D:7)
  A water moccasin (D:5)
  A sky beast (D:7)
  An orc warrior (D:7)
  An ogre (D:4)
  2 black bears
  3 centaurs
  2 bullfrogs
  2 scorpions
  A gnoll sergeant (D:5)
  A wight (D:7)
  6 killer bees (D:5)
  3 howler monkeys
  3 jellies
  A quasit (D:8)
  3 hounds
  2 orc priests
  Ijyb (D:3)
  2 sleepcaps
  3 iguanas
  9 orc wizards
  4 gnolls (D:5)
  7 adders
  A shadow imp (D:8)
  2 white imps (D:8)
  5 ufetubi
  2 worms (D:4)
  3 dart slugs
  36 orcs
  6 endoplasms
  6 giant cockroaches
  5 goblins
  9 hobgoblins
  4 jackals (D:1)
  7 kobolds
  4 quokkas
  5 ball pythons
  3 bats
  10 frilled lizards
  5 rats
173 creatures vanquished.

Notes
Turn   | Place    | Note
-------+----------+-------------------------------------------
     0 | D:1      | Whiskey the Octopode Shapeshifter began the quest for the
                  | Orb.
     0 | D:1      | Reached XP level 1. HP: 13/13 MP: 1/1
    19 | D:1      | Found Meeppu's Distillery.
   176 | D:1      | Reached XP level 2. HP: 18/18 MP: 2/2
   388 | D:1      | Reached XP level 3. HP: 9/23 MP: 3/3
   897 | D:2      | Reached skill level 2 in Fighting
   941 | D:2      | Reached XP level 4. HP: 24/29 MP: 4/4
  1142 | D:2      | Found a blossoming altar of Fedhas.
  1422 | D:2      | Found a faded altar of an unknown god.
  1774 | D:3      | Found an ornate altar of the Wu Jian Council.
  1874 | D:3      | Found a basalt altar of Yredelemnul.
  1876 | D:3      | Found a blossoming altar of Fedhas.
  1879 | D:3      | Reached XP level 5. HP: 34/34 MP: 5/5
  1999 | D:3      | Reached skill level 1 in Stealth
  1999 | D:3      | Reached skill level 1 in Shields
  2003 | D:3      | Reached skill level 4 in Shapeshifting
  2212 | D:3      | Reached skill level 2 in Stealth
  2213 | D:3      | Reached XP level 6. HP: 39/39 MP: 6/6
  2343 | D:3      | Noticed Ijyb
  2352 | D:3      | Killed Ijyb
  2489 | D:3      | Reached skill level 2 in Shields
  2700 | D:4      | Found Voz Keine's General Store.
  2731 | D:4      | Reached skill level 3 in Stealth
  3132 | D:4      | Reached skill level 5 in Shapeshifting
  3132 | D:4      | Reached XP level 7. HP: 45/45 MP: 7/7
  3386 | D:5      | Entered Level 5 of the Dungeon
  3440 | D:5      | Reached skill level 3 in Shields
  3452 | D:5      | HP: 7/45 [killer bee (6)]
  3455 | D:5      | Reached skill level 6 in Shapeshifting
  3818 | D:5      | Reached XP level 8. HP: 48/51 MP: 8/8
  3905 | D:5      | Reached skill level 3 in Fighting
  3905 | D:5      | Reached skill level 4 in Shields
  4153 | D:5      | HP: 12/52 [gnoll sergeant/+0 trident (11)]
  4162 | D:5      | HP: 4/52 [gnoll sergeant/+0 trident (10)]
  4587 | D:5      | Reached skill level 7 in Shapeshifting
  4670 | D:5      | Found a glowing silver altar of Zin.
  4766 | D:5      | Found an opulent altar of Gozag.
  4787 | D:5      | Became a worshipper of Gozag Ym Sagoz the Greedy
  5195 | D:6      | Reached skill level 4 in Fighting
  5417 | D:6      | Reached skill level 5 in Shields
  6047 | D:7      | Found a sacrificial altar of Ru.
  6048 | D:7      | Found an ancient bone altar of Kikubaaqudgha.
  6084 | D:7      | Found a hazy altar of Hepliaklqana.
  6100 | D:7      | Reached skill level 8 in Shapeshifting
  6100 | D:7      | Reached XP level 9. HP: 54/59 MP: 9/9
  6255 | D:7      | Found a large runed translucent door.
  6255 | D:7      | Found a large runed translucent door.
  6279 | D:7      | HP: 4/60 [orc warrior/+0 short sword (12)]
  6285 | D:7      | Reached skill level 5 in Fighting
  6289 | D:7      | HP: 8/61 [orc wizard/magic dart (3)]
  6496 | D:7      | Found a staircase to the Ecumenical Temple.
  6511 | Temple   | Entered the Ecumenical Temple
  7080 | D:7      | Found a shimmering blue altar of Sif Muna.
  7093 | D:7      | Found a shadowy altar of Dithmenos.
  7164 | D:8      | Reached skill level 9 in Shapeshifting
  7703 | D:7      | HP: 15/60 [wight/+4 flail (10)]
  7710 | D:7      | Slain by a wight

Illustrated notes

Levels and vault maps discovered:
D:1:      minmay_arrival_shattered_statue, layout_loops_ring, serial_shops,
          shop_fountains, grunt_decor_mini_mirrors, moated_statue,
          minmay_lizard_pond
D:2:      layout_loops_cross, hellmonk_ecumenical_altar_defaced_shrine,
          basic_altar, grunt_ministairs_13, chequers_serial_rivers_marsh,
          minmay_pentomino_pile
D:3:      layout_loops_ring, mainiacjoe_overflow_boulevard,
          nicolae_overflow_squiral, uniq_ijyb
D:4:      layout_loops_ring, serial_shops, shop
D:5:      layout_loops_ring, pdpol_temple_overflow_zin_treasury_gozag_greed,
          kb_lookout_dungeons_type, chequers_arboretum, kennysheep_minor_cross
D:6:      layout_layer_cave, serial_glass, glass_columns_b, glass_columns_c,
          due_unseen_surprise
D:7:      layout_basic, jmf_multi_god_temple2,
          chequers_temple_overflow_statue_of_worship,
          minmay_temple_entry_slanted
D:8:      layout_loops_cross, serial_demonic, serial_demonic_g,
          serial_demonic_d, serial_demonic_f, serial_demonic_b,
          serial_demonic_c, serial_demonic_f, serial_demonic_c,
          serial_demonic_b, columned_hall_lemuel
Temple:   nicolae_temple_bog_church

Skill      XL: |  1  2  3  4  5  6  7  8  9 |
---------------+----------------------------+-----
Fighting       | 2 4 5 |  5.7
Stealth        | 2 3 |  3.0
Shields        | 1 2 3 5 |  5.0
Shapeshifting  | 4 5 6 8 9 |  9.1
Dodging        | |  2.8
Unarmed Combat | |  3.6

Action                     |  1- 3 |  4- 6 |  7- 9 || total
---------------------------+-------+-------+-------++-------
  Melee: Unarmed           |    71 |    32 |       ||   103
         Constrict         |    22 |    34 |    41 ||    97
         Tentacles         |    11 |    25 |    41 ||    77
         Punch             |     4 |     7 |    10 ||    21
         Dagger            |       |    86 |   166 ||   252
  Throw: Dart              |       |       |     1 ||     1
  Evoke: Wand              |       |       |     1 ||     1
    Use: Scroll            |       |       |     7 ||     7
         Potion            |       |       |     3 ||     3
   Stab: Sleeping          |     6 |     4 |    18 ||    28
 Armour: Skin              |    32 |    38 |   100 ||   170
  Dodge: Dodged            |    38 |    46 |   100 ||   184
  Block: Buckler           |       |    11 |    46 ||    57

Table legend: (Time is in decaauts)
 A = Elapsed time spent in this place.
 B = Non-inter-level travel time spent in this place.
 C = Inter-level travel time spent in this place.
 D = Time resting spent in this place.
 E = Time spent auto-exploring this place.
 F = Levels seen in this place.
 G = Mean time per level.
                   A        B        C        D        E       F      G
               +--------+--------+--------+--------+--------+-----+--------+
         Total |   7715 |   7488 |    227 |    605 |   5646 |   9 |  857.2 |
       Dungeon |   7714 |   7487 |    227 |    605 |   5646 |   8 |  964.2 |
        Temple |      1 |      1 |      0 |      0 |      0 |   1 |    1.0 |
               +--------+--------+--------+--------+--------+-----+--------+

Top non-repeatable levels by time:
     D:5: 1338 daAuts
     D:7: 1230 daAuts
     D:6: 1029 daAuts
     D:3: 1023 daAuts
     D:4: 922 daAuts
     D:1: 865 daAuts
     D:2: 761 daAuts
     D:8: 541 daAuts
  Temple: 1 daAuts

Levels and vault maps discovered:
D:1:      minmay_arrival_shattered_statue, layout_loops_ring, serial_shops,
          shop_fountains, grunt_decor_mini_mirrors, moated_statue,
          minmay_lizard_pond
D:2:      layout_loops_cross, hellmonk_ecumenical_altar_defaced_shrine,
          basic_altar, grunt_ministairs_13, chequers_serial_rivers_marsh,
          minmay_pentomino_pile
D:3:      layout_loops_ring, mainiacjoe_overflow_boulevard,
          nicolae_overflow_squiral, uniq_ijyb
D:4:      layout_loops_ring, serial_shops, shop
D:5:      layout_loops_ring, pdpol_temple_overflow_zin_treasury_gozag_greed,
          kb_lookout_dungeons_type, chequers_arboretum, kennysheep_minor_cross
D:6:      layout_layer_cave, serial_glass, glass_columns_b, glass_columns_c,
          due_unseen_surprise
D:7:      layout_basic, jmf_multi_god_temple2,
          chequers_temple_overflow_statue_of_worship,
          minmay_temple_entry_slanted
D:8:      layout_loops_cross, serial_demonic, serial_demonic_g,
          serial_demonic_d, serial_demonic_f, serial_demonic_b,
          serial_demonic_c, serial_demonic_f, serial_demonic_c,
          serial_demonic_b, columned_hall_lemuel
Temple:   nicolae_temple_bog_church

Table legend: (Time is in decaauts)
 A = Elapsed time spent in this place.
 B = Non-inter-level travel time spent in this place.
 C = Inter-level travel time spent in this place.
 D = Time resting spent in this place.
 E = Time spent auto-exploring this place.
 F = Levels seen in this place.
 G = Mean time per level.
                   A        B        C        D        E       F      G
               +--------+--------+--------+--------+--------+-----+--------+
         Total |   7715 |   7488 |    227 |    605 |   5646 |   9 |  857.2 |
       Dungeon |   7714 |   7487 |    227 |    605 |   5646 |   8 |  964.2 |
        Temple |      1 |      1 |      0 |      0 |      0 |   1 |    1.0 |
               +--------+--------+--------+--------+--------+-----+--------+

Top non-repeatable levels by time:
     D:5: 1338 daAuts
     D:7: 1230 daAuts
     D:6: 1029 daAuts
     D:3: 1023 daAuts
     D:4: 922 daAuts
     D:1: 865 daAuts
     D:2: 761 daAuts
     D:8: 541 daAuts
  Temple: 1 daAuts

Table legend:
 A = Kills in this place as a percentage of kills in the entire game.
 B = Kills by you in this place as a percentage of kills by you in the entire game.
 C = Kills by friends in this place as a percentage of kills by friends in the entire game.
 D = Other kills in this place as a percentage of other kills in the entire game.
 E = Experience gained in this place as a percentage of experience gained in the entire game.
 F = Experience gained in this place divided by the number of levels of this place that you have seen.
                   A       B       C       D       E      F
               +-------+-------+-------+-------+-------+----------------------
         Total | 100.0 | 100.0 |   N/A |   N/A | 100.0 | 411.9
       Dungeon | 100.0 | 100.0 |   N/A |   N/A | 100.0 | 463.4
               +-------+-------+-------+-------+-------+----------------------
